 Dungeon Crawl Stone Soup version 0.29-a0-653-gd47aff6735 (webtiles) character file.

Game seed: 10253708043667763862

542 DuloT34 the Conjurer (level 7, -1/46 HPs)
             Began as an Octopode Conjurer on June 21, 2022.
             Slain by a hound (2 damage)
             ... on level 5 of the Dungeon.
             The game lasted 00:08:59 (5909 turns).

DuloT34 the Conjurer (Octopode Conjurer)            Turns: 5909, Time: 00:09:00

Health: -1/46      AC:  1    Str:  8    XL:     7   Next: 27%
Magic:  11/12      EV: 14    Int: 20    God:
Gold:   242        SH:  0    Dex: 11    Spells: 7/13 levels left

rFire   . . .      SeeInvis .   h - +2 mace (vorpal)
rCold   . . .      Faith    .   (no shield)
rNeg    . . .      Spirit   .   (helmet restricted)
rPois   .          Reflect  .   (no amulet)
rElec   .          Harm     .   (no ring)
rCorr   .          Rampage  .   (no ring)
Will    .....                   (no ring)
Stlth   +++.......              (no ring)
HPRegen 0.15/turn               (no ring)
MPRegen 0.13/turn               (no ring)
                                (no ring)
                                (no ring)

@: mighty
A: almost no armour, amphibious, 8 rings, camouflage 1, gelatinous body 1,
(nimble swimmer 1), tentacles
a: no special abilities


You were on level 5 of the Dungeon.
You visited 2 branches of the dungeon, and saw 6 of its levels.
You also visited: Sewer.

You collected 242 gold pieces.

Inventory:

Hand Weapons
 c - a +0 dagger
 h - a +2 vorpal mace (weapon)
Jewellery
 r - an amulet of magic regeneration
 t - a ring of protection from fire
Scrolls
 s - 3 scrolls of teleportation
Potions
 a - 2 potions of magic
 b - a potion of brilliance {unknown}
 d - 2 potions of heal wounds {unknown}
 g - 3 potions of curing {unknown}
 i - a potion of cancellation {unknown}
 j - a potion of haste {unknown}
 k - 6 potions of might
 l - a potion of resistance {unknown}
 m - a potion of experience {unknown}
 n - 2 potions of invisibility {unknown}
 o - 2 potions of lignification {unknown}
 p - a potion of berserk rage {unknown}
 q - a potion of mutation {unknown}


   Skills:
 + Level 3.4 Fighting
 + Level 4.1 Dodging
 - Level 2.6 Stealth
 + Level 3.8 Spellcasting
 + Level 5.5 Conjurations


You had 7 spell levels left.
You knew the following spells:

 Your Spells              Type           Power      Damage    Failure   Level
a - Magic Dart            Conj           100%       1d8       1%          1
b - Searing Ray           Conj           52%        2d6       1%          2
c - Dazzling Flash        Conj/Hex       28%        N/A       13%         3

Your spell library contained the following spells:

 Spells                   Type           Power      Damage    Failure   Level
 Necrotize                Necr           12%        1d4       13%         1
 Conjure Flame            Conj/Fire      14%        6-21      13%         3
 Ensorcelled Hibernation  Hex/Ice        6%         N/A       21%         2
 Ignite Poison            Fire/Tmut/Pois 3%         N/A       36%         3
 Spider Form              Tmut/Pois      3%         N/A       36%         3
 Vampiric Draining        Necr           3%         2d6       36%         3
 Fulminant Prism          Conj/Hex       7%         3d7       38%         4
 Iskenderun's Mystic Bla  Conj/Tloc      14%        2d5       38%         4
 Sticky Flame             Conj/Fire      14%        2d4       38%         4
 Anguish                  Hex/Necr       1%         N/A       78%         4
 Summon Ice Beast         Ice/Summ       3%         N/A       78%         4
 Agony                    Necr           3%         N/A       98%         5
 Summon Mana Viper        Hex/Summ       3%         N/A       98%         5
 Monstrous Menagerie      Summ           1%         N/A       100%        7


Dungeon Overview and Level Annotations

Branches:
Dungeon (5/15)             Temple (1/1) D:4           Sewer (visited)

Altars:
Ashenzari
Cheibriados
Dithmenos
Elyvilon
Hepliaklqana
Kikubaaqudgha
Okawaru
Qazlal
Trog
Uskayaw
Vehumet
Wu Jian
Xom
Yredelemnul
Zin
The Shining One

Shops:
D:3 :


Innate Abilities, Weirdness & Mutations

You cannot wear most types of armour.
You are amphibious.
You can wear up to eight rings at the same time.
Your skin changes colour to match your surroundings (Stealth+).
Your rubbery body absorbs attacks. (AC +1, EV +1)
((You are camouflaged when in or above water. (Stealth+)))
You have tentacles for arms and can constrict up to eight enemies at once.


Message History

Okay, then.
Casting: Searing Ray (safe; 1% risk of failure)
Confirm with . or Enter, or press ? or * to list all spells.
Casting: Dazzling Flash (dangerous; 13% risk of failure)
Press: ? - help, Dir - look around, f - activate The two-headed ogre is dazzled.
The hound barely misses you. The two-headed ogre barely misses you.
The two-headed ogre closely misses you. The hound closely misses you.
The hound closely misses you. The hound bites you.
The hound closely misses you. The hound attacks as you move away!
The hound barely misses you.
The two-headed ogre is no longer blind.
The hound bites you. The hound attacks as you move away! The hound bites you.
The hound misses you. The hound barely misses you.
The hound pauses to sniff the ground.
The hound bites you.
* * * LOW HITPOINT WARNING * * *
The hound attacks as you move away! The hound completely misses you.
Casting: Dazzling Flash (dangerous; 13% risk of failure)
Confirm with . or Enter, or press ? or * to list all spells.
You can't see any susceptible monsters within range! (Use Z to cast anyway.)
The hound bites you.
* * * LOW HITPOINT WARNING * * *
The hound barely misses you.
Casting: Dazzling Flash (dangerous; 13% risk of failure)
Confirm with . or Enter, or press ? or * to list all spells.
You can't see any susceptible monsters within range! (Use Z to cast anyway.)
The hound closely misses you. The hound bites you.
* * * LOW HITPOINT WARNING * * *
Casting: Dazzling Flash (dangerous; 13% risk of failure)
Confirm with . or Enter, or press ? or * to list all spells.
You can't see any susceptible monsters within range! (Use Z to cast anyway.)
The hound bites you.
* * * LOW HITPOINT WARNING * * *
There is a stone staircase leading up here.
It was a potion of might.
You feel very mighty all of a sudden. The hound bites you.
You die...

#### #.#.## ###....#
#### ...##
#....[.####..## #.....
#......##.....###......
#.....##......#.......
#............#.###...
#...@h..O.......##...
.........##........##...
...#.....#..##..........
.. ##....#..............
##.#...................
#...........####..#....
............#.#.......
#.....................
##.....##............


You could see a two-headed ogre and a hound.

Vanquished Creatures
  A centaur (D:5)
  A phantom (D:4)
  A hound (D:4)
  2 jellies (Sewer)
  Natasha (thrice) (D:3)
  An iguana (D:5)
  7 adders
  3 river rats
  6 worms
  2 dart slugs (D:2)
  2 orcs
  16 endoplasms
  4 giant cockroaches
  4 goblins
  5 hobgoblins
  4 jackals
  5 kobolds
  3 quokkas
  12 ball pythons
  4 frilled lizards
  11 rats
97 creatures vanquished.

Notes
Turn   | Place    | Note
-------+----------+-------------------------------------------
     0 | D:1      | DuloT34 the Octopode Conjurer began the quest for the Orb.
     0 | D:1      | Reached XP level 1. HP: 11/11 MP: 3/3
   384 | D:1      | Reached XP level 2. HP: 11/18 MP: 1/5
   396 | D:1      | Learned a level 2 spell: Searing Ray
   828 | D:1      | Reached skill level 1 in Fighting
   841 | D:1      | Found a faded altar of an unknown god.
  1072 | D:2      | Reached XP level 3. HP: 16/23 MP: 1/6
  1824 | D:2      | Reached XP level 4. HP: 28/28 MP: 7/7
  2126 | D:3      | Found Izirioh's Book Boutique.
  2376 | D:3      | Found a glowing drain.
  2387 | Sewer    | Entered a sewer
  2786 | Sewer    | Reached XP level 5. HP: 29/34 MP: 1/9
  3204 | Sewer    | Found a viscous altar of Jiyva.
  3731 | D:3      | Reached XP level 6. HP: 33/41 MP: 8/10
  3741 | D:3      | Reached skill level 5 in Conjurations
  3843 | D:3      | Noticed Natasha
  3854 | D:3      | Killed Natasha
  3975 | D:3      | Found a basalt altar of Yredelemnul.
  3997 | D:3      | Noticed Natasha
  4001 | D:3      | Killed Natasha
  4099 | D:3      | Noticed Natasha
  4106 | D:3      | Killed Natasha
  4305 | D:3      | Found a snail-covered altar of Cheibriados.
  4305 | D:3      | Found a shimmering altar of Xom.
  4412 | D:4      | Found a staircase to the Ecumenical Temple.
  4423 | Temple   | Entered the Ecumenical Temple
  4905 | D:4      | Reached XP level 7. HP: 17/46 MP: 1/12
  5549 | D:4      | Learned a level 3 spell: Dazzling Flash
  5586 | D:5      | Entered Level 5 of the Dungeon
  5883 | D:5      | Noticed a two-headed ogre
  5908 | D:5      | HP: 1/46 [hound (3)]
  5909 | D:5      | Slain by a hound

Illustrated notes

Levels and vault maps discovered:
D:1:      matt_arrival_spirals, layout_loops_ring, ebering_ecumenical_altar_rust
D:2:      layout_loops_ring, nicolae_concentric_dashed_squares_wild
D:3:      layout_rooms, gammafunk_temple_overflow_elements, lemuel_round_altar,
          lightli_sewer_entry_pipes, serial_shops, nicolae_shop_statue_plus,
          uniq_natasha
D:4:      layout_gridville, minmay_temple_entry_mist, guppyfry_early_lair_pool
D:5:      layout_cave_pools, nicolae_gozag_seed_capital,
          mainiacjoe_overflow_paths, kennysheep_mini_moat
Temple:   cyrus_circular_temple

Skill      XL: |  1  2  3  4  5  6  7 |
---------------+----------------------+-----
Fighting       | 1 2 3 |  3.4
Dodging        | 3 4 |  4.1
Spellcasting   | 3 |  3.8
Conjurations   | 5 |  5.5
Stealth        | |  2.6

Action                   |  1- 3 |  4- 6 |  7- 9 || total
-------------------------+-------+-------+-------++-------
Melee: Unarmed           |    16 |       |       ||    16
       Tentacles         |    14 |     5 |     1 ||    20
       Constrict         |    12 |     7 |       ||    19
       Punch             |     3 |     1 |       ||     4
       Dagger            |    13 |       |       ||    13
       Mace              |    23 |    49 |     4 ||    76
 Cast: Magic Dart        |     1 |    23 |     1 ||    25
       Searing Ray       |     5 |    24 |     4 ||    33
       Dazzling Flash    |       |       |     1 ||     1
  Use: Scroll            |     5 |       |     3 ||     8
       Potion            |       |       |     1 ||     1
 Stab: Sleeping          |     9 |     5 |     1 ||    15
Armor: Skin              |     2 |     6 |     1 ||     9
Dodge: Dodged            |    30 |    52 |    36 ||   118

Table legend: (Time is in decaauts)
 A = Elapsed time spent in this place.
 B = Non-inter-level travel time spent in this place.
 C = Inter-level travel time spent in this place.
 D = Time resting spent in this place.
 E = Time spent auto-exploring this place.
 F = Levels seen in this place.
 G = Mean time per level.
                   A        B        C        D        E       F      G
               +--------+--------+--------+--------+--------+-----+--------+
         Total |   5937 |   5831 |    106 |   1224 |   3793 |   7 |  848.1 |
       Dungeon |   4705 |   4608 |     97 |    787 |   3149 |   5 |  941.0 |
        Temple |     50 |     41 |      9 |      0 |     35 |   1 |   50.0 |
         Sewer |   1180 |   1180 |      0 |    437 |    609 |   1 | 1180.0 |
               +--------+--------+--------+--------+--------+-----+--------+

Top non-repeatable levels by time:
   Sewer: 1180 daAuts
     D:4: 1132 daAuts
     D:3: 1126 daAuts
     D:2: 1096 daAuts
     D:1: 1026 daAuts
     D:5: 324 daAuts
  Temple: 50 daAuts
